 Dungeon Crawl Stone Soup version 0.19-a0-1468-ge013c26 (webtiles) character file.

103 epen the Insei (level 4, -9/28 HPs)
             Began as a Tengu Monk on Sept 7, 2016.
             Mangled by Sigmund
             ... wielding a +0 scythe
              (14 damage)
             ... on level 2 of the Dungeon.
             The game lasted 00:02:53 (2221 turns).

epen the Insei (Tengu Monk)                         Turns: 2221, Time: 00:02:54

Health: -9/28      AC:  0    Str: 11    XL:     4   Next: 79%
Magic:  5/5        EV: 15    Int: 10    God:
Gold:   52         SH:  0    Dex: 18    Spells: 0 memorised, 3 levels left

rFire  . . .     SeeInvis .     e - +1 dagger (venom)
rCold  . . .     Gourm    .     h - -2 robe (curse)
rNeg   . . .     Faith    .     (no shield)
rPois  .         Spirit   .     (helmet restricted)
rElec  .         Dismiss  .     (no cloak)
rCorr  .         Reflect  .     (no gloves)
MR     .....     Harm     .     (boots unavailable)
Stlth  +++.......               (no amulet)
                                (no ring)
                                n - ring of stealth

@: no status effects
A: beak, talons 3
a: no special abilities


You were on level 2 of the Dungeon.
You were not hungry.

You visited 1 branch of the dungeon, and saw 2 of its levels.

You collected 52 gold pieces.

Inventory:

Hand Weapons
 e - a +1 dagger of venom (weapon)
Armour
 a - a +0 robe
 h - a cursed -2 robe (worn)
 k - a +3 leather armour of cold resistance
Jewellery
 n - a ring of stealth (left hand)
Scrolls
 c - 2 scrolls of identify
 f - a scroll of recharging
Potions
 d - a potion of might
 j - a potion of brilliance {unknown}
 l - 2 potions of magic
Comestibles
 b - 2 bread rations
 g - a meat ration
 i - 2 fruits


   Skills:
 + Level 3.5 Fighting
 + Level 4.1 Dodging
 - Level 2.0 Stealth
 * Level 4.9 Unarmed Combat


You had 3 spell levels left.
You didn't know any spells.

Dungeon Overview and Level Annotations

Branches:
Dungeon (2/15)

Altars:
Kikubaaqudgha

Annotations:
D:2 Sigmund


Innate Abilities, Weirdness & Mutations

You have a beak for a mouth.
You have claws for feet.


Message History

Sigmund gestures at you while chanting. You resist with some effort.
Sigmund whispers, "You'll know eternity soon."
You start resting.
Sigmund misses you.
You hit Sigmund but do no damage.
Sigmund is poisoned.
You claw Sigmund, but do no damage. Your peck misses Sigmund.
Sigmund is heavily wounded.
Sigmund casts a spell at you. The magic dart hits you!
* * * LOW HITPOINT WARNING * * *
You are too injured to fight recklessly!
You are too injured to fight recklessly!
Sigmund closely misses you.
Sigmund points at you and mumbles some strange words.
You are confused.
You feel less confused.
Sigmund hits you from afar with a scythe!
Ouch! That really hurt!
You die...

#....# #....## #.....#
#.....# #.....# #.###.#####
###############.........###
..(...............>.......#
#######.........@.........#
######.#######...........#
♣..............##@.....###
≈≈###.#####.###.##......#
#.......# #..#......#
♣#########.# ##.#......#
♣..........# #........#
≈###.......# ##.......#
#.......# #..##############


You could see Sigmund.

Vanquished Creatures
  Ijyb (D:2)
  A gnoll (D:1)
  An adder (D:2)
  A worm (D:2)
  2 dart slugs
  A giant gecko (D:1)
  4 giant cockroaches
  6 goblins
  5 hobgoblins
  5 jackals (D:2)
  8 kobolds
  8 bats
  3 giant newts
  3 rats
49 creatures vanquished.

Notes
Turn   | Place    | Note
-------+----------+-------------------------------------------
     0 | D:1      | epen the Tengu Monk began the quest for the Orb.
     0 | D:1      | Reached XP level 1. HP: 14/14 MP: 2/2
   120 | D:1      | Reached XP level 2. HP: 19/19 MP: 3/3
   580 | D:1      | Reached XP level 3. HP: 14/23 MP: 4/4
  1235 | D:2      | Noticed Ijyb
  1251 | D:2      | Killed Ijyb
  1251 | D:2      | Reached XP level 4. HP: 8/28 MP: 5/5
  1512 | D:2      | Found a faded altar of an unknown god.
  2079 | D:2      | Found an ancient bone altar of Kikubaaqudgha.
  2160 | D:2      | Noticed Sigmund
  2221 | D:2      | Mangled by Sigmund

Vault maps used:
D:1:      grunt_arrival_crossed_arrows, serial_park_tiny_1
D:2:      kiku_gazebo_pond_becter, first_bread, serial_bayou,
          serial_bayou_pond_e, serial_bayou_ford_a, serial_bayou_crossing,
          serial_bayou_pond_e, ecumenical_altar_1, uniq_iyjb, uniq_sigmund

Skill      XL: |  1  2  3  4 |
---------------+-------------+-----
Unarmed Combat | 4 |  4.9
Dodging        | 4 |  4.1
Fighting       | |  3.5
Stealth        | |  2.0

Action                   |  1- 3 |  4- 6 || total
-------------------------+-------+-------++-------
Melee: Unarmed           |    42 |       ||    42
       Kick              |    20 |    10 ||    30
       Peck              |    12 |     5 ||    17
       Dagger            |    33 |    54 ||    87
  Use: Scroll            |     5 |     3 ||     8
       Potion            |     2 |       ||     2
 Stab: Sleeping          |     7 |     5 ||    12
  Eat: Chunk             |     1 |     3 ||     4
Armor: Robe              |     5 |       ||     5
Dodge: Dodged            |    45 |    44 ||    89
